 Dungeon Crawl Stone Soup version 0.22.1-1-ga44c0e5 (webtiles) character file.

14470 bloo the Severer (level 11, -6/97 HPs)
             Began as a Minotaur Berserker on Oct 2, 2018.
             Was a High Priest of Trog.
             Mangled by a death yak (16 damage)
             ... on level 2 of the Lair of Beasts on Oct 4, 2018.
             The game lasted 01:26:05 (13857 turns).

bloo the Severer (Minotaur Berserker)              Turns: 13857, Time: 01:26:06

Health: -6/97      AC: 17    Str: 29    XL:     11   Next: 89%
Magic:  10/10      EV:  8    Int:  4    God:    Trog [*****.]
Gold:   595        SH: 12    Dex: 12    Spells: 10/10 levels left

rFire    . . .     SeeInvis .   W - +0 broad axe
rCold    . . .     Gourm    .   N - +0 shield {reflect}
rNeg     . . .     Faith    .   v - +0 plate armour
rPois    .         Spirit   .   (helmet restricted)
rElec    .         Reflect  +   M - scarf {cloud immunity}
rCorr    .         Harm     .   I - +0 pair of gloves
MR       +++..                  T - +0 pair of boots
Stlth    ..........             (no amulet)
HPRegen  1.26/turn              L - ring of protection from magic
MPRegen  0.12/turn              Q - +6 ring of strength

@: berserk cooldown, regenerating, slowed, very slow
A: retaliatory headbutt, horns 2
a: Berserk, Trog's Hand, Brothers in Arms, Renounce Religion


You were on level 2 of the Lair of Beasts.
You worshipped Trog.
Trog was extremely pleased with you.
You were hungry.

You visited 3 branches of the dungeon, and saw 15 of its levels.

You collected 595 gold pieces.

Inventory:

Hand Weapons
 D - a +1 hand axe of flaming
 W - a +0 broad axe (weapon)
Armour
 v - a +0 plate armour (worn)
 I - a +0 pair of gloves (worn)
 M - a scarf of cloud immunity (worn)
 N - a +0 shield of reflection (worn)
 T - a +0 pair of boots (worn)
Jewellery
 h - an uncursed ring of flight
 B - an uncursed ring of stealth
 L - a ring of protection from magic (left hand)
 Q - a +6 ring of strength (right hand)
 R - an uncursed ring of ice
 S - an uncursed ring of protection from magic
Wands
 q - a wand of random effects (20)
 t - a wand of scattershot (4)
 x - a wand of enslavement (12)
Scrolls
 b - 8 scrolls of remove curse
 i - 6 scrolls of identify
 m - 2 scrolls of random uselessness {unknown}
 n - 3 scrolls of magic mapping
 r - 2 scrolls of blinking {unknown}
 w - 5 scrolls of amnesia {unknown}
 y - 2 scrolls of enchant weapon {unknown}
 A - 3 scrolls of immolation {unknown}
 E - 2 scrolls of fog {unknown}
 F - 2 scrolls of fear {unknown}
 H - 4 scrolls of teleportation {unknown}
 U - a scroll of enchant armour {unknown}
 X - a scroll of acquirement {unknown}
Potions
 d - 4 potions of cancellation
 e - 2 potions of haste {unknown}
 f - 2 potions of heal wounds {unknown}
 j - 5 potions of curing {unknown}
 k - 2 potions of resistance {unknown}
 l - 2 potions of brilliance {unknown}
 o - a potion of flight {unknown}
 p - 2 potions of invisibility {unknown}
 u - a potion of mutation {unknown}
 z - 2 potions of ambrosia
 C - a potion of might {unknown}
 J - a potion of degeneration {unknown}
 K - a potion of agility {unknown}
 P - 2 potions of lignification {unknown}
Miscellaneous
 V - a lightning rod (4/4)
 Y - a sack of spiders
Comestibles
 c - 26 rations


   Skills:
 + Level 9.0 Fighting
 * Level 16.0 Axes
 + Level 10.9 Armour
 - Level 3.5 Dodging
 - Level 1.0 Stealth
 * Level 8.1 Shields


You had 10 spell levels left.
You didn't know any spells.
Your spell library contained the following spells:

 Spells                   Type           Power        Failure   Level  Hunger
 Freeze                   Ice            #...         100%        1    ##.....
 Throw Frost              Conj/Ice       #.....       100%        2    ###....
 Ozocubu's Armour         Chrm/Ice       #.......     100%        3    ####...
 Summon Ice Beast         Ice/Summ       #.......     100%        4    #####..
 Throw Icicle             Conj/Ice       #.......     100%        4    #####..


Dungeon Overview and Level Annotations

Branches:
Dungeon (12/15)            Temple (1/1) D:7            Lair (2/6) D:8
  Swamp: Lair:2-4    Shoals: Lair:2-4     Snake: Lair:2-4    Spider: Lair:2-4
    Orc: D:9-12

Altars:
Ashenzari
Cheibriados
Dithmenos
Elyvilon
Fedhas
Gozag
Hepliaklqana
Kikubaaqudgha
Makhleb
Nemelex Xobeh
Okawaru
Qazlal
Ru
Sif Muna
Trog
Uskayaw
Vehumet
Wu Jian
Xom
Yredelemnul
Zin
The Shining One

Shops:
D:9 ?

Annotations:
D:10 exclusion: ice statue
D:12 Sonja
Lair:1 exclusion: oklob plant


Innate Abilities, Weirdness & Mutations

You reflexively headbutt those who attack you in melee.
You have a pair of horns on your head.


Message History

The death yak is moderately wounded.
The death yak gores you!
All of the chunks of flesh in your inventory have rotted away.
You slash the death yak!
The death yak is moderately wounded.
The death yak gores you!! The death yak gores you!
* * * LOW HITPOINT WARNING * * *
The death yak gores you but does no damage.
The death yak gores you!
* * * LOW HITPOINT WARNING * * *
Your skin crawls.
You feel resistant to hostile enchantments.
You are feeling hungry.
The death yak barely misses you. You furiously retaliate!
You headbutt the death yak. You slash the death yak!
You headbutt the death yak, but do no damage.
The death yak is heavily wounded.
The death yak gores you!
You die...

.................
................$
.......<.........
.................
####.............
#............. #.....†.......
##....#..##.##..
#....@.....(.... .
##..#Y.......... .$.
#...#.................
....######.....>..............
............P......(..........
..............................
....#P#.P#....#..####+###P....
. # #.##....................
###.....................


You could see a death yak.

Vanquished Creatures
  A hydra (D:11)
  2 death yaks (Lair:2)
  A two-headed ogre (D:8)
  An ugly thing (D:9)
  A cyclops (D:11)
  3 spiny frogs (Lair:1)
  A hornet (D:9)
  2 trolls (D:11)
  Grinder (D:5)
  5 hippogriffs
  A spriggan (D:7)
  11 yaks (Lair:1)
  Sigmund (D:6)
  Eustachio (D:4)
  2 humans (D:9)
  A vampire mosquito (D:11)
  3 wargs (D:8)
  Duvessa (D:4)
  A soldier ant (D:11)
  3 water moccasins
  4 porcupines (Lair:1)
  4 orc warriors
  2 ice beasts
  A sky beast (D:7)
  6 phantoms
  2 necrophages
  5 ogres
  5 centaurs
  4 crocodiles
  A big kobold (D:11)
  6 bullfrogs
  Dowan (D:4)
  3 scorpions
  A wyvern skeleton (D:10)
  4 wights (D:11)
  A howler monkey (D:5)
  6 crimson imps
  7 orc priests
  8 hounds
  A bullfrog skeleton (D:11)
  3 jellies
  Natasha (thrice) (D:3)
  2 iguanas
  Terence (D:3)
  Ijyb (D:3)
  8 orc wizards
  3 worker ants
  2 killer bee zombies (D:6)
  A hound skeleton (D:7)
  3 gnolls (D:2)
  2 howler monkey skeletons (D:5)
  13 adders
  A river rat (D:3)
  2 shadow imps
  3 worms
  3 leopard geckos
  39 orcs
  4 ball pythons (D:3)
  5 giant cockroaches
  5 goblins
  3 hobgoblins
  11 jackals
  11 kobolds
  3 quokkas
  6 bats
  5 frilled lizards
  A jackal skeleton (D:5)
  A leopard gecko skeleton (D:4)
  A quokka zombie (D:5)
  26 rats
  A fungus (Lair:2)
  A plant (Lair:2)
289 creatures vanquished.

Vanquished Creatures (others)
  An orc wizard (D:8)
  2 plants
3 creatures vanquished.

Grand Total: 292 creatures vanquished

Notes
Turn   | Place    | Note
-------+----------+-------------------------------------------
     0 | D:1      | bloo the Minotaur Berserker began the quest for the Orb.
     0 | D:1      | Reached XP level 1. HP: 19/19 MP: 0/0
   149 | D:1      | Reached skill level 4 in Axes
   347 | D:1      | Reached XP level 2. HP: 27/27 MP: 1/1
  1024 | D:2      | Reached XP level 3. HP: 33/33 MP: 2/2
  1235 | D:2      | Noticed a dagger
  1235 | D:2      | Noticed a hand axe
  1241 | D:2      | Reached skill level 5 in Axes
  1245 | D:2      | Reached XP level 4. HP: 31/40 MP: 3/3
  1304 | D:2      | Found a hide-covered altar of Uskayaw.
  1408 | D:2      | Reached ** piety under Trog
  1726 | D:3      | Noticed Natasha
  1738 | D:3      | Killed Natasha
  1898 | D:3      | Reached XP level 5. HP: 45/47 MP: 4/4
  1901 | D:3      | Reached skill level 6 in Axes
  2048 | D:3      | Noticed Natasha
  2050 | D:3      | Noticed Ijyb
  2055 | D:3      | Killed Natasha
  2060 | D:3      | Killed Ijyb
  2280 | D:3      | Noticed Natasha
  2289 | D:3      | Killed Natasha
  2369 | D:3      | Noticed Terence
  2374 | D:3      | Killed Terence
  2374 | D:3      | Reached XP level 6. HP: 55/55 MP: 5/5
  2642 | D:4      | Reached skill level 7 in Axes
  2652 | D:4      | Reached *** piety under Trog
  2652 | D:4      | Reached skill level 1 in Stealth
  2843 | D:4      | Reached skill level 5 in Fighting
  2881 | D:4      | Reached skill level 8 in Axes
  2956 | D:4      | Noticed Eustachio
  2970 | D:4      | Killed Eustachio
  2970 | D:4      | Reached XP level 7. HP: 61/61 MP: 6/6
  3318 | D:4      | Reached skill level 9 in Axes
  3408 | D:4      | Noticed Duvessa
  3408 | D:4      | Noticed Dowan
  3413 | D:4      | Killed Dowan
  3419 | D:4      | Killed Duvessa
  3701 | D:5      | Entered Level 5 of the Dungeon
  3772 | D:5      | Reached XP level 8. HP: 62/70 MP: 7/7
  3855 | D:5      | Reached **** piety under Trog
  4076 | D:5      | Noticed Grinder
  4077 | D:5      | Paralysed by Grinder for 5 turns
  4088 | D:5      | Killed Grinder
  4088 | D:5      | Reached skill level 10 in Axes
  4324 | D:5      | Reached skill level 5 in Armour
  4794 | D:6      | Reached skill level 11 in Axes
  5010 | D:6      | Reached XP level 9. HP: 78/78 MP: 8/8
  5085 | D:6      | Noticed Sigmund
  5414 | D:6      | Killed Sigmund
  5575 | D:6      | Found a sparkling altar of Nemelex Xobeh.
  5648 | D:6      | Found a shimmering altar of Xom.
  5650 | D:6      | Found a shimmering altar of Xom.
  5650 | D:6      | Found a shimmering altar of Xom.
  5988 | D:7      | Reached skill level 12 in Axes
  6080 | D:8      | Noticed a two-headed ogre
  6131 | D:7      | Found a glowing silver altar of Zin.
  6150 | D:7      | Found an ornate altar of the Wu Jian Council.
  6154 | D:7      | Found a glowing golden altar of the Shining One.
  6392 | D:7      | Found a stormy altar of Qazlal.
  6499 | D:7      | Found an ancient bone altar of Kikubaaqudgha.
  6621 | D:7      | Found a staircase to the Ecumenical Temple.
  6623 | D:7      | Found a faded altar of an unknown god.
  6642 | Temple   | Entered the Ecumenical Temple
  7005 | D:8      | Reached skill level 1 in Shields
  7286 | D:8      | Killed a two-headed ogre
  7366 | D:8      | Reached XP level 10. HP: 65/86 MP: 9/9
  7673 | D:8      | Reached skill level 13 in Axes
  7691 | D:8      | Found a staircase to the Lair.
  8234 | Lair:1   | Entered Level 1 of the Lair of Beasts
  8247 | Lair:1   | Reached skill level 5 in Shields
  8426 | Lair:1   | Noticed a spiny frog
  8434 | Lair:1   | Killed a spiny frog
  8456 | Lair:1   | Noticed an oklob plant
  8508 | D:9      | Found Irarucud's Magic Scroll Boutique.
  8592 | D:9      | Noticed a red ugly thing
  8621 | D:9      | Killed a red ugly thing
  9201 | D:9      | Reached skill level 14 in Axes
  9221 | D:10     | Entered Level 10 of the Dungeon
  9241 | D:9      | Reached ***** piety under Trog
  9317 | D:9      | Found an iron altar of Okawaru.
 10150 | D:10     | Noticed an ice statue
 10549 | D:11     | Reached XP level 11. HP: 94/94 MP: 10/10
 10624 | D:11     | Reached skill level 10 in Armour
 10675 | D:11     | Found a hazy altar of Hepliaklqana.
 10956 | D:11     | Noticed a seven-headed hydra
 10975 | D:12     | Noticed Sonja
 12376 | D:11     | Found a radiant altar of Vehumet.
 12402 | D:11     | Killed a 12-headed hydra
 13088 | Lair:1   | Reached skill level 15 in Axes
 13809 | Lair:2   | Noticed a death yak
 13809 | Lair:2   | Noticed a death yak
 13809 | Lair:2   | Noticed a death yak
 13813 | Lair:2   | Noticed a death yak
 13813 | Lair:2   | Noticed a death yak
 13832 | Lair:2   | Killed a death yak
 13832 | Lair:2   | Received a gift from Trog
 13836 | Lair:2   | Killed a death yak
 13836 | Lair:2   | Reached skill level 16 in Axes
 13857 | Lair:2   | Mangled by a death yak

Skill      XL: |  1  2  3  4  5  6  7  8  9 10 11 |
---------------+----------------------------------+-----
Axes           | 4 5 6 8 9 11 12 14 16 | 16.0
Fighting       | 4 5 6 7 8 9 |  9.0
Stealth        | 1 |  1.0
Armour         | 3 4 6 8 9 10 | 10.9
Dodging        | 3 |  3.5
Shields        | 2 6 8 |  8.1

Action                   |  1- 3 |  4- 6 |  7- 9 | 10-12 || total
-------------------------+-------+-------+-------+-------++-------
Melee: Hand axe          |    43 |   128 |   209 |   259 ||   639
       Headbutt          |     6 |    28 |    45 |    86 ||   165
       Broad axe         |       |       |       |   111 ||   111
Invok: Berserk           |     3 |    10 |    19 |    23 ||    55
       Trog's Hand       |       |       |     4 |     2 ||     6
  Use: Scroll            |       |     2 |     4 |     3 ||     9
       Potion            |       |       |       |     1 ||     1
  Eat: Chunk             |     2 |    12 |    18 |    31 ||    63
       Ration            |       |     1 |     5 |     3 ||     9
Armor: Leather armour    |    10 |    14 |       |       ||    24
       Animal skin       |     1 |       |       |       ||     1
       Ring mail         |       |     5 |       |       ||     5
       Plate armour      |       |    29 |   104 |   108 ||   241
Dodge: Dodged            |    31 |    60 |    55 |    61 ||   207
Block: Large shield      |       |       |    23 |    11 ||    34
       Shield            |       |       |       |   118 ||   118
       Reflection        |       |       |       |     4 ||     4
